 Dungeon Crawl Stone Soup version 0.30-a0-140-gd1020e658a (webtiles) character file.

Game seed: 988738374021934896

204 jimonade the Skirmisher (level 6, -1/35 HPs)
             Began as a Kobold Hunter on Sept 24, 2022.
             Slain by a gnoll
             ... wielding a +0 club
             ... led by a gnoll sergeant
              (3 damage)
             ... on level 5 of the Dungeon.
             The game lasted 00:04:25 (4237 turns).

jimonade the Skirmisher (Kobold Hunter)             Turns: 4237, Time: 00:04:26

Health: -1/35      AC:  5    Str:  8    XL:     6   Next: 9%
Magic:  6/6        EV: 13    Int: 10    God:
Gold:   188        SH:  0    Dex: 21    Spells: 5/5 levels left

rFire   . . .      SeeInvis .    n - +4 sling
rCold   . . .      Faith    .    (no shield)
rNeg    + . .      Spirit   .    q - +0 ring mail {Will+}
rPois   .          Reflect  .    (no helmet)
rElec   .          Harm     .    (no cloak)
rCorr   .          Rampage  .    (no gloves)
Will    +....                    (no boots)
Stlth   +++.......               (no amulet)
HPRegen 0.11/turn                d - ring of positive energy
MPRegen 0.10/turn                (no ring)

@: no status effects
A: small, no large weapons, nightstalker 3
a: no special abilities


You were on level 5 of the Dungeon.
You visited 1 branch of the dungeon, and saw 5 of its levels.

You collected 188 gold pieces.

Inventory:

Hand Weapons
 a - a +0 shortbow
 f - a +0 long sword
 n - a +4 sling (weapon)
 p - a +0 dagger of protection
 u - a +0 spear
 x - a +1 dagger of speed
Armour
 c - a +0 leather armour
 q - a +0 ring mail of willpower (worn)
 r - an orb of wrath
Magical Staves
 v - a staff of death
Jewellery
 d - a ring of positive energy (left hand)
Wands
 w - a wand of charming (8)
Scrolls
 b - 2 scrolls of immolation
 e - 9 scrolls of identify {unknown}
 h - a scroll of enchant armour {unknown}
 i - a scroll of noise {unknown}
 j - a scroll of summoning {unknown}
 l - 2 scrolls of vulnerability {unknown}
 m - a scroll of poison {unknown}
 o - a scroll of silence {unknown}
 t - a scroll of amnesia {unknown}
Potions
 g - 2 potions of mutation {unknown}
 k - a potion of brilliance {unknown}
 s - 2 potions of ambrosia {unknown}


   Skills:
 - Level 2.1 Fighting
 + Level 9.1 Ranged Weapons
 - Level 2.4 Dodging
 - Level 1.3 Stealth


You had 5 spell levels left.
You didn't know any spells.
Your spell library contained the following spells:

 Spells                   Type           Power      Damage    Failure   Level
 Shock                    Conj/Air       0%         1d3       75%         1
 Ozocubu's Armour         Ice            0%         N/A       98%         3
 Swiftness                Air            0%         N/A       98%         3
 Airstrike                Air            0%         2d(0-16)  100%        4
 Ozocubu's Refrigeration  Ice            0%         4d7       100%        7


Dungeon Overview and Level Annotations

Branches:
Dungeon (5/15)             Temple (0/1) D:5

Altars:
Nemelex Xobeh
Trog
Vehumet

Shops:
D:1 ?

Annotations:
D:3 exclusion: statue


Innate Abilities, Weirdness & Mutations

You are small and have problems with some larger weapons.
You are completely attuned to the shadows.


Message History

HP restored.
You now have 188 gold pieces (gained 11).
An iguana comes into view.
You shoot a sling bullet. The sling bullet hits the iguana.
The iguana is lightly wounded.
You hear a shout! x3
You shoot a sling bullet.
The sling bullet barely misses the iguana.
A gnoll comes into view. It is wielding a +0 whip.
You shoot a sling bullet. The sling bullet hits the iguana.
The iguana is moderately wounded.
A gnoll comes into view. It is wielding a +0 whip.
A gnoll comes into view. It is wielding a +0 club.
The iguana bites you.
You shoot a sling bullet.
The sling bullet hits the iguana but does no damage.
The iguana is moderately wounded.
You hear a shout!
The iguana bites you!
You shoot a sling bullet.
The sling bullet barely misses the iguana.
The sling bullet closely misses the gnoll.
The iguana bites you but does no damage.
A gnoll comes into view. It is wielding a +0 flail.
You shoot a sling bullet.
The sling bullet barely misses the iguana.
The sling bullet hits the gnoll.
The gnoll is heavily wounded.
A gnoll sergeant comes into view. It is wielding a +2 vorpal spear.
A gnoll comes into view. It is wielding a +0 halberd.
The iguana barely misses you. The gnoll hits you with a +0 whip.
You open the door. The iguana misses you. The gnoll hits you with a +0 whip.
* * * LOW HITPOINT WARNING * * *
The gnoll hits you but does no damage. The iguana bites you!
* * * LOW HITPOINT WARNING * * *
There is an open door, spattered with blood here.
The iguana attacks as you move away! The iguana closely misses you.
The gnoll attacks as you move away! The gnoll hits you with a +0 club.
You die...

........ .....gg ....gg
....l####+####
....g@.......+
....g#.§..§≈.#
.....#.≈._.§§#
.....#.≈...≈.#########
#####.+.......'....##..
.......####'######......
.......#.....# #......
.......#.....# #......
.......#.....# #......


You could see a gnoll sergeant, an iguana and 2 gnolls.

Vanquished Creatures
  A hound (D:4)
  An orc priest (D:4)
  Ijyb (D:5)
  4 adders
  3 dart slugs
  5 orcs
  8 ball pythons
  3 endoplasms
  3 giant cockroaches
  8 goblins
  4 hobgoblins
  6 jackals (D:1)
  4 quokkas
  3 bats
  4 frilled lizards
  9 kobolds
  3 rats
70 creatures vanquished.

Notes
Turn   | Place    | Note
-------+----------+-------------------------------------------
     0 | D:1      | jimonade the Kobold Hunter began the quest for the Orb.
     0 | D:1      | Reached XP level 1. HP: 12/12 MP: 1/1
    74 | D:1      | Reached XP level 2. HP: 17/17 MP: 2/2
   193 | D:1      | Reached skill level 6 in Ranged Weapons
   523 | D:1      | Found Pimuoj's Magic Scroll Shoppe.
   768 | D:1      | Reached XP level 3. HP: 19/21 MP: 3/3
  1362 | D:2      | Reached skill level 7 in Ranged Weapons
  1374 | D:2      | Reached XP level 4. HP: 7/26 MP: 4/4
  2453 | D:3      | Found a faded altar of an unknown god.
  2719 | D:3      | Found a radiant altar of Vehumet.
  2721 | D:3      | Noticed a frost-covered statue
  2872 | D:4      | Reached skill level 8 in Ranged Weapons
  2872 | D:4      | Reached XP level 5. HP: 22/30 MP: 5/5
  3907 | D:5      | Entered Level 5 of the Dungeon
  3952 | D:5      | Found a sparkling altar of Nemelex Xobeh.
  4005 | D:5      | Found a bloodstained altar of Trog.
  4042 | D:5      | Found a staircase to the Ecumenical Temple.
  4046 | D:5      | Noticed Ijyb
  4058 | D:5      | Killed Ijyb
  4059 | D:5      | Reached skill level 9 in Ranged Weapons
  4059 | D:5      | Reached XP level 6. HP: 19/35 MP: 6/6
  4237 | D:5      | Slain by a gnoll

Illustrated notes

Levels and vault maps discovered:
D:1:      dpeg_arrival_refuge, layout_basic, serial_shops, nicolae_shop_crystal,
          minmay_pentomino_t2
D:2:      layout_rooms
D:3:      layout_loops_cross, vehumet_statue,
          hellmonk_ecumenical_altar_arch_garden, chequers_garden, nicolae_titane
D:4:      layout_basic, kennysheep_potato
D:5:      layout_gridville, nemelex_spade_bored_becter,
          mainiacjoe_overflow_six_doors_small, minmay_temple_entry_mist,
          uniq_ijyb

Skill      XL: |  1  2  3  4  5 |
---------------+----------------+-----
Ranged Weapons | 6 7 8 9 |  9.1
Fighting       | |  2.1
Dodging        | |  2.4
Stealth        | |  1.3

Action                   |  1- 3 |  4- 6 || total
-------------------------+-------+-------++-------
 Fire: Shortbow          |    80 |     8 ||    88
       Sling             |       |   108 ||   108
Armor: Leather armour    |     4 |     1 ||     5
       Ring mail         |       |    11 ||    11
Dodge: Dodged            |    52 |    26 ||    78

Table legend: (Time is in decaauts)
 A = Elapsed time spent in this place.
 B = Non-inter-level travel time spent in this place.
 C = Inter-level travel time spent in this place.
 D = Time resting spent in this place.
 E = Time spent auto-exploring this place.
 F = Levels seen in this place.
 G = Mean time per level.
                   A        B        C        D        E       F      G
               +--------+--------+--------+--------+--------+-----+--------+
         Total |   4268 |   4068 |    200 |    619 |   3010 |   5 |  853.6 |
       Dungeon |   4268 |   4068 |    200 |    619 |   3010 |   5 |  853.6 |
               +--------+--------+--------+--------+--------+-----+--------+

Top non-repeatable levels by time:
     D:1: 1208 daAuts
     D:4: 1065 daAuts
     D:3: 840 daAuts
     D:2: 822 daAuts
     D:5: 332 daAuts
